 Dungeon Crawl Stone Soup version 0.16-a0-269-gd5b6136 (webtiles) character file.

119 PotatoesMaster the Firebug (level 4, 0/24 HPs)
             Began as a Deep Elf Fire Elementalist on Aug 26, 2014.
             Succumbed to an adder's poison
             ... on Level 3 of the Dungeon.
             The game lasted 00:12:26 (2071 turns).

PotatoesMaster the Firebug (DEFE)                   Turns: 2071, Time: 00:12:26

HP   0/24        AC  3     Str 10      XL: 4   Next: 73%
MP   2/14        EV 13     Int 21      God:
Gold 87          SH  0     Dex 13      Spells:  4 memorised,  1 level left

rFire  + . .     SeeInvis .     l - +1 dagger (flame)
rCold  x . .     Clarity  .     a - +0 robe
rNeg   . . .     rCorr    .     (no shield)
rPois  .         rRot     .     (no helmet)
rElec  .         Spirit   .     e - +0 cloak
SustAb .         Warding  .     (no gloves)
rMut   .         Stasis   +     (no boots)
Gourm  .                        k - amulet of stasis
MR     .....                    m - cursed -2 ring of dexterity
                                w - ring of fire

@: mighty, lethally poisoned, very slightly contaminated, not resistant to
hostile enchantments, unstealthy
A: no striking features
a: no special abilities


You were on level 3 of the Dungeon.
You were not hungry.

You visited 1 branch of the dungeon, and saw 3 of its levels.

You collected 87 gold pieces.

Inventory:

Hand weapons
 l - a +1 dagger of flaming (weapon)
Armour
 a - a +0 robe (worn)
 e - a +0 cloak (worn)
Comestibles
 c - 5 bread rations
 d - a slice of pizza
 f - a chunk of felid flesh
 h - 2 meat rations
 r - a chunk of bat flesh
 t - 2 chunks of hobgoblin flesh
 u - 2 chunks of goblin flesh
 v - a chunk of rat flesh
Scrolls
 n - a scroll of teleportation
 s - a scroll of identify
Jewellery
 g - an uncursed ring of flight
 k - an amulet of stasis (around neck)
 m - a cursed -2 ring of dexterity (right hand)
 w - a ring of fire (left hand)
Potions
 j - a potion of brilliance
Books
 b - a book of Flames

   Spells                             Type                      Level
   *Flame Tongue                      Conjuration/Fire             1
   *Throw Flame                       Conjuration/Fire             2
   *Conjure Flame                     Conjuration/Fire             3
   *Inner Flame                       Hexes/Fire                   3
   Sticky Flame                       Conjuration/Fire             4
   Fireball                           Conjuration/Fire             5


   Skills:
 * Level 0.8 Fighting
 * Level 1.0 Armour
 + Level 2.8 Dodging
 + Level 2.7 Stealth
 * Level 1.0 Unarmed Combat
 + Level 3.9 Spellcasting
 + Level 2.1 Conjurations
 + Level 4.0 Fire Magic


You had one spell level left.
You knew the following spells:

 Your Spells              Type           Power        Failure   Level  Hunger
a - Flame Tongue          Conj/Fire      ####.        3%          1    None
b - Throw Flame           Conj/Fire      ####..       6%          2    #......
c - Conjure Flame         Conj/Fire      ####....     12%         3    ###....
d - Inner Flame           Hex/Fire       ###.....     21%         3    ###....


Dungeon Overview and Level Annotations

Branches:
Dungeon (3/15)

Altars:
Makhleb


Message History

You feel sick.
There is a lethal amount of poison in your body!
Read which item? (? for menu, Esc to quit)
Okay, then.
Some of the chunks of flesh in your inventory have rotted away.
You see here the felid corpse of Natasha.
You start butchering the felid corpse of Natasha.
You continue butchering the corpse.
You stop butchering the corpse.
* * * LOW HITPOINT WARNING * * *
You feel sick.
You finish butchering the felid corpse of Natasha.
Things that are here:
a chunk of felid flesh; the felid skeleton of Natasha There isn't anything to butcher here.
f - a chunk of felid flesh Eat one of 3 chunks of hobgoblin flesh? (ye/n/q/i?) This raw flesh tastes terrible.
You continue eating.
You die...

#..)§§(§§#########
###.###.###§........
..#.# #.# #.########
..#.###.# #.#
...).##.# #.#
%....##.###.###
.....##.......#
..#####.......######
..+ #....>....@..#
..## #.......####.#
.... #.......#...)..#
......#...(...#.##)..#
###...######### ....#
###..... ..S.h .....#
#.##.#. .....# #. ....
.....# #. #..


There were no monsters in sight!

Vanquished Creatures
  A hound (D:2)
  Natasha (D:3)
  An adder (D:3)
  A worm (D:2)
  2 oozes
  3 orcs (D:3)
  2 giant cockroaches
  3 goblins
  7 hobgoblins
  A ball python (D:1)
  4 bats
  3 giant newts
  7 kobolds
  8 rats
44 creatures vanquished.

Notes
Turn   | Place    | Note
--------------------------------------------------------------
     0 | D:1      | PotatoesMaster, the Deep Elf Fire Elementalist, began the quest for the Orb.
     0 | D:1      | Reached XP level 1. HP: 10/10 MP: 5/5
   456 | D:1      | Reached XP level 2. HP: 15/15 MP: 4/8
  1092 | D:1      | Learned a level 2 spell: Throw Flame
  1334 | D:2      | Reached XP level 3. HP: 19/19 MP: 1/11
  1462 | D:2      | Found a burning altar of Makhleb.
  1467 | D:2      | Reached skill level 4 in Fire Magic
  1899 | D:3      | Reached XP level 4. HP: 24/24 MP: 10/14
  1914 | D:3      | Learned a level 3 spell: Conjure Flame
  1918 | D:3      | Learned a level 3 spell: Inner Flame
  2045 | D:3      | Noticed Natasha
  2056 | D:3      | Killed Natasha
  2056 | D:3      | Reached skill level 1 in Armour
  2056 | D:3      | Reached skill level 1 in Unarmed Combat
  2067 | D:3      | HP: 1/24 [poisoned by an adder]
  2071 | D:3      | Succumbed to an adder's poison

Action                   |  1- 3 |  4- 6 || total
-------------------------+-------+-------++-------
Melee: Dagger            |     2 |     2 ||     4
 Cast: Flame Tongue      |    61 |    25 ||    86
  Use: Scroll            |     6 |     4 ||    10
       Potion            |     4 |     1 ||     5
  Eat: Chunk             |     3 |     1 ||     4
